 Dungeon Crawl Stone Soup version 0.20.0-1-g1cb1d84 (webtiles) character file.

69 Gorglomux the Shooter (level 4, -5/38 HPs)
             Began as a Centaur Hunter on May 26, 2017.
             Slain by Sigmund
             ... wielding a +0 scythe
              (7 damage)
             ... on level 2 of the Dungeon.
             The game lasted 00:02:08 (2338 turns).

Gorglomux the Shooter (Centaur Hunter)              Turns: 2338, Time: 00:02:09

Health: -5/38      AC:  5    Str: 14    XL:     4   Next: 2%
Magic:  4/4        EV:  9    Int: 10    God:
Gold:   83         SH:  0    Dex: 11    Spells: 3/3 levels left

rFire    . . .     SeeInvis .   b - +0 short sword
rCold    . . .     Gourm    .   (no shield)
rNeg     . . .     Faith    .   c - +0 leather armour
rPois    .         Spirit   .   (no helmet)
rElec    .         Reflect  .   (no cloak)
rCorr    .         Harm     .   B - +0 pair of gloves
MR       .....                  (no barding)
Stlth    +.........             (no amulet)
Regen    0.2/turn               (no ring)
MPRegen  0.1/turn               (no ring)

@: lethally poisoned (-5 -> -24), very quick
A: hooves 3, deformed body, speed 2, tough skin 3
a: no special abilities


You were on level 2 of the Dungeon.
You were near starving.

You visited 1 branch of the dungeon, and saw 2 of its levels.

You collected 83 gold pieces.

Inventory:

Hand Weapons
 a - a +1 shortbow
 b - a +0 short sword (weapon)
Missiles
 d - 2 arrows
 i - 35 sling bullets
Armour
 c - a +0 leather armour (worn)
 B - a +0 pair of gloves (worn)
Jewellery
 q - a +4 amulet of reflection {unknown}
 w - a +4 ring of intelligence {unknown}
Scrolls
 g - a scroll of random uselessness {unknown}
 h - a scroll of fear {unknown}
 j - a scroll of fog {unknown}
 m - a scroll of identify {unknown}
 n - a scroll of amnesia {unknown}
 o - a scroll of blinking {unknown}
 A - a scroll of remove curse {unknown}
Potions
 l - a potion of magic {unknown}
 p - a potion of experience {unknown}
 r - 2 potions of curing {unknown}
 s - a potion of might {unknown}
 u - a potion of heal wounds {unknown}
Comestibles
 f - a bread ration
 z - a meat ration


   Skills:
 + Level 3.3 Fighting
 + Level 6.4 Bows
 - Level 1.3 Dodging
 - Level 0.4 Stealth


You had 3 spell levels left.
You didn't know any spells.

Dungeon Overview and Level Annotations

Branches:
Dungeon (2/15)

Altars:

Annotations:
D:2 Sigmund


Innate Abilities, Weirdness & Mutations

You have hooves in place of feet.
Armour fits poorly on your strangely shaped body.
You cover ground very quickly.
You have extremely tough skin. (AC +3)


Message History

You completely miss the adder. You kick the adder.
The adder is lightly wounded.
* * * LOW HITPOINT WARNING * * *
You feel sick. The adder bites you.
* * * LOW HITPOINT WARNING * * *
You are more poisoned.
The adder poisons you! The adder barely misses you.
Sigmund casts a spell.
Sigmund flickers and vanishes!
The adder closely misses you. The adder bites you.
* * * LOW HITPOINT WARNING * * *
You are more poisoned.
The adder poisons you!
Unknown command.
Unknown command.
You miss the adder.
The adder is moderately wounded.
* * * LOW HITPOINT WARNING * * *
You feel sick. The adder bites you but does no damage. Something hits you!
You die...

#.......# .....
#.......# #...#
#.......# #...#
#.!.....# ...
#.@...... ...
#.....##.
..#####.#
####.#.##.
......SS#
#....#.##. #@#
####.#.##.
.######.# #.#....
.......{# #.#.###
.#####..# #.#.#
#..##########.#.#
#...............#
##.##########.#.#
#.# #.#.# ### #.#
#


You could see 2 adders.

Vanquished Creatures
  An adder (D:2)
  A gnoll (D:1)
  An ooze (D:1)
  2 giant cockroaches
  4 goblins
  5 hobgoblins
  6 jackals
  3 kobolds
  A quokka (D:2)
  8 bats
  2 frilled lizards
  7 rats
41 creatures vanquished.

Notes
Turn   | Place    | Note
-------+----------+-------------------------------------------
     0 | D:1      | Gorglomux the Centaur Hunter began the quest for the Orb.
     0 | D:1      | Reached XP level 1. HP: 17/17 MP: 1/1
    83 | D:1      | Reached XP level 2. HP: 5/25 MP: 2/2
   533 | D:1      | Reached skill level 6 in Bows
   790 | D:1      | Reached XP level 3. HP: 15/30 MP: 3/3
  1077 | D:1      | Reached skill level 3 in Fighting
  1905 | D:2      | Noticed Sigmund
  1931 | D:2      | Reached XP level 4. HP: 26/38 MP: 4/4
  2114 | D:2      | HP: 1/38 [something (9)]
  2338 | D:2      | Slain by Sigmund

Skill      XL: |  1  2  3 |
---------------+----------+-----
Bows           | 6 |  6.4
Fighting       | 3 |  3.3
Dodging        | |  1.3
Stealth        | |  0.4

Action                   |  1- 3 |  4- 6 || total
-------------------------+-------+-------++-------
Melee: Short sword       |   140 |     7 ||   147
       Kick              |    22 |     2 ||    24
 Fire: Shortbow          |    14 |    12 ||    26
  Eat: Chunk             |     2 |       ||     2
Armor: Leather armour    |    68 |     6 ||    74
Dodge: Dodged            |   103 |     7 ||   110
